 Dungeon Crawl Stone Soup version 0.31-a0-182-gc5ef74bbde (webtiles) character file.

Game seed: 13666294401539254298

4353 qw the Cleaver (level 10, -9/64 HPs)
             Began as a Gargoyle Fighter on June 21, 2023.
             Was a Priest of Okawaru.
             Killed from afar by an oklob plant (18 damage)
             ... with a splash of acid
             ... on level 1 of the Lair of Beasts.
             The game lasted 00:03:40 (7262 turns).

qw the Cleaver (Gargoyle Fighter)                   Turns: 7262, Time: 00:03:41

Health: -9/64      AC: 19    Str: 31    XL:     10   Next: 34%
Magic:  12/13      EV:  9    Int: 12    God:    Okawaru [***...]
Gold:   163        SH:  6    Dex:  9    Spells: 9/9 levels left

rFire   + + .        Y - +2 war axe (drain)
rCold   + + .        c - +0 buckler
rNeg    + . .        o - +0 plate armour
rPois   inf          q - +1 helmet
rElec   +            (no cloak)
rCorr   .            x - +0 pair of gloves
SInv    .            b - +0 pair of boots
Will    .....        (no amulet) Stlth
                     j - ring of the Parsimonious God {Drain Fly rF++ rC++}
HPRegen 0.30/turn    v - ring of Puplog {Str+6 Int+4}
MPRegen 0.13/turn

%: no passive effects
@: about to teleport, heroic, corroded, flying
A: sickness immunity, AC +7, negative energy resistance 1, electricity
resistance, torment resistance 1, petrification resistance
a: Renounce Religion, Heroism


You were on level 1 of the Lair of Beasts.
You worshipped Okawaru.
Okawaru was most pleased with you.
You visited 3 branches of the dungeon, and saw 10 of its levels.

You collected 422 gold pieces.
You spent 259 gold pieces at shops.


Innate Abilities, Weirdness & Mutations

You are immune to sickness and miasma.
Your stone body is resilient. (AC +7)
You are immune to poison.
You resist negative energy. (rN+)
You are resistant to electric shocks. (rElec)
You are resistant to unholy torment.
You are immune to petrification.


   Skills:
 - Level 8.1(13.1) Fighting
 - Level 10.0(15.0) Axes
 - Level 0.4(5.4) Throwing
 + Level 6.2(11.2) Armour
 - Level 1.0(6.0) Dodging
 - Level 5.0(10.0) Shields
 - Level 4.5 Invocations


You had 9 spell levels left.
You didn't know any spells.
Your spell library was empty.

Inventory:

Hand Weapons
 t - a +0 flail
 u - a +0 war axe
 Y - a +2 war axe of draining (weapon)
Armour
 b - a +0 pair of boots (worn)
 c - a +0 buckler (worn)
 o - a +0 plate armour (worn)
 q - a +1 helmet (worn)
 x - a +0 pair of gloves (worn)
 z - +0 acid dragon scales
Jewellery
 j - the ring of the Parsimonious God (left hand) {Drain Fly rF++ rC++}
   (You acquired it on level 6 of the Dungeon)

   [ring of flight]

   rF:        It greatly protects you from fire.
   rC:        It greatly protects you from cold.
   Fly:       It grants you flight.
   Drain:     It drains your maximum health when unequipped.
 s - a ring of positive energy
 v - the ring of Puplog (right hand) {Str+6 Int+4}
   (You acquired it on level 6 of the Dungeon)

   [ring of strength]

   Str:       It affects your strength (+6).
   Int:       It affects your intelligence (+4).
 w - a ring of fire
 y - a ring of protection from cold
Scrolls
 a - a scroll of identify
 p - 4 scrolls of teleportation
Potions
 d - 5 potions of might
 e - a potion of resistance
 f - a potion of magic
 g - 3 potions of heal wounds
 h - 2 potions of haste
 i - a potion of cancellation
 k - 4 potions of mutation
 l - 2 potions of attraction
 m - a potion of enlightenment
 n - 3 potions of lignification
 r - 4 potions of curing

Dungeon Overview and Level Annotations

Branches:
Dungeon (8/15)             Temple (1/1) D:4            Lair (1/5) D:8

Altars:
Ashenzari
Cheibriados
Dithmenos
Elyvilon
Fedhas
Gozag
Hepliaklqana
Kikubaaqudgha
Makhleb
Nemelex Xobeh
Okawaru
Qazlal
Ru
Sif Muna
Trog
Uskayaw
Vehumet
Xom
Yredelemnul
Zin
The Shining One

Shops:
D:3 *   D:7 !

Annotations:
D:6 2 runed translucent doors, qw's ghost, novice GrFi


Message History

An oklob plant comes into view.
The oklob plant spits acid at you. The splash of acid hits you!
7254 ||| INVOKING Heroism.
You gain the combat prowess of a mighty hero.
The oklob plant spits acid at you. The splash of acid hits you.
The acid corrodes you!
An oklob plant comes into view.
The oklob plant spits acid at you. The splash of acid hits you!
The oklob plant spits acid at you. The splash of acid hits you.
The acid corrodes you! The oklob plant spits acid at you.
The splash of acid hits you! The acid corrodes you!
You see here 11 gold pieces.
7257 ||| DRINKING 2 potions of cancellation.
Your magical effects are unravelling.
You feel magically purged.
You are no longer corroded.
The oklob plant spits acid at you. The splash of acid hits you.
The acid corrodes you!
You hit the oklob plant but do no damage.
You drain the oklob plant.
The oklob plant is lightly damaged.
You slash the oklob plant! You drain the oklob plant.
The oklob plant is moderately damaged.
The oklob plant spits acid at you. The splash of acid hits you!
The acid corrodes you!
You hit the oklob plant.
The oklob plant is moderately damaged.
You hit the oklob plant.
The oklob plant is moderately damaged.
The oklob plant spits acid at you. The splash of acid hits you!
7262 ||| READING 5 scrolls of teleportation.
As you read the scroll of teleportation, it crumbles to dust.
You feel strangely unstable. The oklob plant spits acid at you.
The splash of acid hits you!!
You die...

......7.77777..
..... 77..7.77
.... 7777.7.7
... 77.7.7.77
.. 7.7.7777 .
7.77777 77..7P7
77.$$7 7@_.7


7P$$77 77777 You could see 2 oklob plants.

Vanquished Creatures
  Joseph (D:7)
  2 hornets (D:8)
  Sigmund (D:3)
  2 wyverns (D:8)
  A steam dragon (D:8)
  Menkaure (D:4)
  An acid dragon (D:8)
  A water moccasin (D:7)
  An orc warrior (D:6)
  3 ice beasts
  A sky beast (D:8)
  A black bear (D:8)
  2 ogres
  2 centaurs (D:8)
  3 kobold brigands
  4 bullfrogs (D:8)
  A gnoll sergeant (D:8)
  11 wights
  A killer bee (D:8)
  2 howler monkeys
  A jelly (D:7)
  2 hounds
  An orc priest (D:8)
  An iguana (D:6)
  Ijyb (D:4)
  Natasha (thrice) (D:3)
  Terence (D:3)
  2 orc wizards
  Robin (D:3)
  3 gnolls (D:8)
  5 adders
  A shadow imp (D:8)
  2 white imps (D:7)
  An ufetubus (D:4)
  A worm (D:2)
  3 dart slugs
  27 orcs
  8 endoplasms
  4 giant cockroaches
  21 goblins
  11 hobgoblins
  3 jackals (D:2)
  6 quokkas
  9 ball pythons
  7 bats
  4 frilled lizards
  13 kobolds
  2 rats
186 creatures vanquished.

Vanquished Creatures (others)
  Jessica (D:3)
1 creature vanquished.

Grand Total: 187 creatures vanquished

Notes
Turn   | Place    | Note
-------+----------+-------------------------------------------
     0 | D:1      | qw the Gargoyle Fighter began the quest for the Orb.
     0 | D:1      | Reached XP level 1. HP: 14/14 MP: 1/1
     0 | D:1      | 0 ||| qw: Version: 0.3-a-9-g12657ce
     0 | D:1      | 0 ||| qw: Game counter: 1591
     0 | D:1      | 0 ||| qw: Always use a shield: true
     0 | D:1      | 0 ||| qw: God list: Okawaru
     0 | D:1      | 0 ||| qw: Allow faded altars: false
     0 | D:1      | 0 ||| qw: Do Orc after D:15 true
     0 | D:1      | 0 ||| qw: Do second Lair branch before Depths: true
     0 | D:1      | 0 ||| qw: Lair rune preference: random
     0 | D:1      | 0 ||| qw: Plans: Normal, Zot:1-4, Slime:5, God:TSO, Crypt,
                  | Tomb, Abyss, Pan, Hells, Win
     0 | D:1      | 0 ||| PLANNING D:1-11
    34 | D:1      | Reached skill level 2 in Axes
    90 | D:1      | Reached XP level 2. HP: 18/19 MP: 2/2
   138 | D:1      | 138 ||| Stepping ~*~*~tactically~*~*~ (hiding).
   139 | D:1      | 139 ||| Stepping ~*~*~tactically~*~*~ (hiding).
   463 | D:1      | Reached skill level 3 in Axes
   604 | D:1      | Reached XP level 3. HP: 17/23 MP: 3/3
   648 | D:1      | 648 ||| Stepping ~*~*~tactically~*~*~ (hiding).
   817 | D:1      | 817 ||| READING scroll labelled DISCHO HUIGO.
   818 | D:1      | 818 ||| READING 2 scrolls labelled BYFOSI ARARA.
   819 | D:1      | 819 ||| DRINKING 2 fuming purple potions.
   820 | D:1      | 820 ||| DROPPING scroll of poison.
   853 | D:2      | 853 ||| Stepping ~*~*~tactically~*~*~ (stealth).
   965 | D:2      | 965 ||| Stepping ~*~*~tactically~*~*~ (stealth).
   970 | D:2      | 970 ||| Stepping ~*~*~tactically~*~*~ (stealth).
  1039 | D:2      | 1039 ||| Stepping ~*~*~tactically~*~*~ (stealth).
  1040 | D:2      | 1040 ||| Stepping ~*~*~tactically~*~*~ (stealth).
  1049 | D:2      | Reached XP level 4. HP: 25/28 MP: 4/4
  1461 | D:2      | 1461 ||| SWAPPING to +2 war axe of freezing.
  1462 | D:2      | 1462 ||| DROPPING +0 war axe.
  1623 | D:2      | 1623 ||| UPGRADING to +0 helmet.
  1628 | D:2      | 1628 ||| READING scroll labelled LOUTRU TOLIH FURONG.
  1629 | D:2      | 1629 ||| READING 2 scrolls labelled GYPOMENTUNN.
  1630 | D:2      | 1630 ||| READING scroll labelled ACZIKO DOTHRIL.
  1631 | D:2      | 1631 ||| DROPPING scroll of fear.
  1641 | D:3      | Noticed Natasha
  1646 | D:3      | Killed Natasha
  1647 | D:3      | Reached skill level 4 in Axes
  1697 | D:3      | Found Arais's Assorted Antiques.
  1710 | D:3      | 1710 ||| SHOPLISTING acid dragon scales (960 gold, have
                  | 76).
  1710 | D:3      | 1710 ||| SHOPLISTING chain mail (108 gold, have 76).
  1710 | D:3      | 1710 ||| SHOPLISTING crude cloak (228 gold, have 76).
  1710 | D:3      | 1710 ||| SHOPLISTING pair of embroidered gloves (180 gold,
                  | have 76).
  1710 | D:3      | 1710 ||| BUYING scroll labelled GITHOL NAS (24 gold).
  1710 | D:3      | Bought a scroll labelled GITHOL NAS for 24 gold pieces
  1710 | D:3      | 1710 ||| BUYING scroll of identify (48 gold).
  1710 | D:3      | Bought a scroll of identify for 48 gold pieces
  1710 | D:3      | 1710 ||| SHOPLISTING scroll of identify (48 gold, have 4).
  1751 | D:3      | Noticed Natasha
  1752 | D:3      | 1752 ||| Stepping ~*~*~tactically~*~*~ (stealth).
  1764 | D:3      | 1764 ||| Stepping ~*~*~tactically~*~*~ (hiding).
  1765 | D:3      | 1765 ||| Stepping ~*~*~tactically~*~*~ (hiding).
  1766 | D:3      | 1766 ||| Stepping ~*~*~tactically~*~*~ (hiding).
  1768 | D:3      | 1768 ||| Stepping ~*~*~tactically~*~*~ (hiding).
  1776 | D:3      | Killed Natasha
  1777 | D:3      | Reached XP level 5. HP: 24/32 MP: 5/5
  1951 | D:3      | Noticed Jessica
  1951 | D:3      | Noticed Sigmund
  1957 | D:3      | Killed Jessica
  1967 | D:3      | Killed Sigmund
  1968 | D:3      | Reached skill level 6 in Axes
  1968 | D:3      | Reached XP level 6. HP: 15/37 MP: 6/6
  2110 | D:3      | Noticed Natasha
  2111 | D:3      | 2111 ||| Stepping ~*~*~tactically~*~*~ (stealth).
  2122 | D:3      | Killed Natasha
  2226 | D:3      | Noticed Terence
  2236 | D:3      | Killed Terence
  2246 | D:3      | 2246 ||| Stepping ~*~*~tactically~*~*~ (stealth).
  2258 | D:3      | 2258 ||| Stepping ~*~*~tactically~*~*~ (stealth).
  2528 | D:3      | 2528 ||| Stepping ~*~*~tactically~*~*~ (stealth).
  2530 | D:3      | Noticed Robin
  2531 | D:3      | 2531 ||| Stepping ~*~*~tactically~*~*~ (hiding).
  2540 | D:3      | Killed Robin
  2543 | D:3      | 2543 ||| Stepping ~*~*~tactically~*~*~ (stealth).
  2550 | D:3      | 2550 ||| Stepping ~*~*~tactically~*~*~ (stealth).
  2560 | D:3      | 2560 ||| Stepping ~*~*~tactically~*~*~ (stealth).
  2581 | D:3      | 2581 ||| Stepping ~*~*~tactically~*~*~ (stealth).
  2836 | D:3      | 2836 ||| UPGRADING to +0 plate armour.
  2846 | D:3      | 2846 ||| DROPPING +0 scale mail.
  2847 | D:3      | 2847 ||| UPGRADING to +1 helmet.
  2857 | D:3      | 2857 ||| DROPPING +0 helmet.
  2858 | D:3      | 2858 ||| READING scroll labelled GITHOL NAS.
  2862 | D:3      | 2862 ||| READING scroll labelled IKHOOT LULL.
  2863 | D:3      | 2863 ||| READING scroll labelled QANNUI TUENINK.
  2864 | D:3      | 2864 ||| DRINKING 2 smoky grey potions.
  2865 | D:3      | 2865 ||| DRINKING 2 ruby potions.
  2866 | D:3      | 2866 ||| DRINKING 2 red potions.
  2867 | D:3      | 2867 ||| READING 4 scrolls of identify.
  2867 | D:3      | 2867 ||| IDENTIFYING golden potion
  2868 | D:3      | 2868 ||| READING 3 scrolls of identify.
  2868 | D:3      | 2868 ||| IDENTIFYING inky potion
  2869 | D:3      | 2869 ||| READING 2 scrolls of identify.
  2869 | D:3      | 2869 ||| IDENTIFYING metallic amethyst potion
  2908 | D:4      | 2908 ||| Stepping ~*~*~tactically~*~*~ (stealth).
  2965 | D:4      | Noticed Ijyb
  2966 | D:4      | 2966 ||| Stepping ~*~*~tactically~*~*~ (hiding).
  2984 | D:4      | Killed Ijyb
  2985 | D:4      | Reached XP level 7. HP: 37/43 MP: 7/7
  3109 | D:4      | Found a staircase to the Ecumenical Temple.
  3110 | D:4      | 3110 ||| PLANNING TEMPLE
  3122 | Temple   | Entered the Ecumenical Temple
  3266 | Temple   | 3266 ||| PLANNING OKAWARU WORSHIP
  3351 | Temple   | Became a worshipper of Warmaster Okawaru
  3352 | Temple   | 3352 ||| PLANNING D:1-11
  3654 | D:4      | Noticed Menkaure
  3655 | D:4      | 3655 ||| Stepping ~*~*~tactically~*~*~ (hiding).
  3662 | D:4      | Killed Menkaure
  3902 | D:4      | 3902 ||| READING scroll labelled MEOC GEOZYISA.
  3903 | D:4      | 3903 ||| DRINKING 2 black potions.
  3923 | D:5      | Entered Level 5 of the Dungeon
  4050 | D:5      | 4050 ||| DROPPING +0 club.
  4062 | D:5      | Reached * piety under Okawaru
  4063 | D:5      | Reached skill level 7 in Axes
  4063 | D:5      | 4063 ||| INVOKING Heroism.
  4122 | D:5      | 4122 ||| INVOKING Heroism.
  4125 | D:5      | Reached XP level 8. HP: 25/48 MP: 5/8
  4433 | D:5      | 4433 ||| UPGRADING to +0 pair of boots.
  4438 | D:5      | 4438 ||| READING scroll labelled ZOQ NEMEYWNU.
  4471 | D:5      | 4471 ||| READING scroll labelled AGGIDU NAHIEKK.
  4472 | D:5      | 4472 ||| READING 3 scrolls of identify.
  4472 | D:5      | 4472 ||| IDENTIFYING fizzy red potion
  4537 | D:6      | Reached skill level 1 in Dodging
  4577 | D:6      | Found a runed translucent door.
  4583 | D:6      | Noticed qw's ghost (novice GrFi)
  4609 | D:6      | 4609 ||| INVOKING Heroism.
  4622 | D:6      | 4622 ||| INVOKING Heroism.
  4647 | D:6      | 4647 ||| DROPPING +0 whip.
  4657 | D:6      | Found a burning altar of Makhleb.
  4676 | D:6      | Found a runed translucent door.
  4760 | D:6      | 4760 ||| INVOKING Heroism.
  4819 | D:6      | Found a bloodstained altar of Trog.
  5016 | D:6      | Reached skill level 1 in Invocations
  5033 | D:6      | 5033 ||| DROPPING +0 mace.
  5095 | D:6      | Found a shimmering altar of Xom.
  5095 | D:6      | Found a snail-covered altar of Cheibriados.
  5097 | D:6      | Found a shadowy altar of Dithmenos.
  5248 | D:6      | 5248 ||| READING 3 scrolls labelled SATOFR YGRAKY.
  5248 | D:6      | Identified 3 scrolls of acquirement
  5248 | D:6      | 5248 ||| ACQUIRING ring of Puplog {Str+6 Int+4}
  5248 | D:6      | Acquired the ring of Puplog {Str+6 Int+4}
  5250 | D:6      | 5250 ||| UPGRADING to ring of Puplog {Str+6 Int+4}.
  5251 | D:6      | 5251 ||| READING 2 scrolls of acquirement.
  5251 | D:6      | 5251 ||| ACQUIRING ring of positive energy
  5251 | D:6      | Acquired a ring of positive energy
  5253 | D:6      | 5253 ||| UPGRADING to ring of positive energy.
  5254 | D:6      | 5254 ||| READING scroll of acquirement.
  5254 | D:6      | 5254 ||| ACQUIRING ring of the Parsimonious God {Drain Fly
                  | rF++ rC++}
  5254 | D:6      | Acquired the ring of the Parsimonious God {Drain Fly rF++
                  | rC++}
  5256 | D:6      | 5256 ||| UPGRADING to ring of the Parsimonious God {Drain
                  | Fly rF++ rC++}.
  5258 | D:6      | 5258 ||| UPGRADING to ring of Puplog {Str+6 Int+4}.
  5260 | D:6      | 5260 ||| READING scroll labelled NUETZI XONO.
  5261 | D:6      | 5261 ||| READING 2 scrolls of identify.
  5261 | D:6      | 5261 ||| IDENTIFYING cyan potion
  5353 | D:7      | Reached skill level 8 in Axes
  5355 | D:7      | 5355 ||| Stepping ~*~*~tactically~*~*~ (stealth).
  5425 | D:7      | 5425 ||| Stepping ~*~*~tactically~*~*~ (stealth).
  5439 | D:7      | Found Pifos's Distillery.
  5443 | D:7      | 5443 ||| BUYING 2 potions of curing (66 gold).
  5443 | D:7      | Bought 2 potions of curing for 66 gold pieces
  5443 | D:7      | 5443 ||| BUYING 2 potions of might (88 gold).
  5443 | D:7      | Bought 2 potions of might for 88 gold pieces
  5443 | D:7      | 5443 ||| BUYING potion of curing (33 gold).
  5443 | D:7      | Bought a potion of curing for 33 gold pieces
  5443 | D:7      | 5443 ||| SHOPLISTING potion of haste (110 gold, have 21).
  5443 | D:7      | 5443 ||| SHOPLISTING potion of mutation (88 gold, have 21).
  5472 | D:7      | 5472 ||| INVOKING Heroism.
  5706 | D:7      | 5706 ||| READING scroll labelled TOKAXIUWNEI.
  5709 | D:7      | 5709 ||| STAIRDANCE
  5710 | D:6      | Found a stormy altar of Qazlal.
  5791 | D:7      | Found a radiant altar of Vehumet.
  5848 | D:7      | Reached skill level 6 in Fighting
  5848 | D:7      | Reached skill level 3 in Invocations
  5848 | D:7      | Reached XP level 9. HP: 49/55 MP: 11/11
  5905 | D:7      | Found a shimmering blue altar of Sif Muna.
  5949 | D:7      | Noticed Joseph
  5950 | D:7      | 5950 ||| Stepping ~*~*~tactically~*~*~ (hiding).
  5967 | D:7      | 5967 ||| INVOKING Heroism.
  5970 | D:7      | Killed Joseph
  6137 | D:7      | 6137 ||| Stepping ~*~*~tactically~*~*~ (stealth).
  6161 | D:7      | 6161 ||| INVOKING Heroism.
  6519 | D:8      | Found a staircase to the Lair.
  6602 | D:8      | Reached skill level 9 in Axes
  6681 | D:8      | 6681 ||| Stepping ~*~*~tactically~*~*~ (hiding).
  6683 | D:8      | 6683 ||| Stepping ~*~*~tactically~*~*~ (hiding).
  6684 | D:8      | 6684 ||| Stepping ~*~*~tactically~*~*~ (hiding).
  6688 | D:8      | Noticed a hornet
  6693 | D:8      | 6693 ||| INVOKING Heroism.
  6696 | D:8      | Reached ** piety under Okawaru
  6698 | D:8      | Killed a hornet
  6716 | D:8      | 6716 ||| INVOKING Heroism.
  6718 | D:8      | Reached skill level 6 in Armour
  6720 | D:8      | 6720 ||| Stepping ~*~*~tactically~*~*~ (hiding).
  6721 | D:8      | 6721 ||| Stepping ~*~*~tactically~*~*~ (hiding).
  6727 | D:8      | Reached XP level 10. HP: 41/63 MP: 11/13
  6743 | D:8      | 6743 ||| Stepping ~*~*~tactically~*~*~ (hiding).
  6745 | D:8      | Reached *** piety under Okawaru
  6749 | D:8      | Reached skill level 10 in Axes
  6753 | D:8      | 6753 ||| INVOKING Heroism.
  6924 | D:8      | 6924 ||| Stepping ~*~*~tactically~*~*~ (stealth).
  7201 | D:8      | 7201 ||| PLANNING LAIR
  7201 | D:8      | 7201 ||| UPGRADING to +0 pair of gloves.
  7206 | D:8      | 7206 ||| READING scroll labelled NISYATZUFAMOI.
  7240 | Lair:1   | Entered Level 1 of the Lair of Beasts
  7251 | Lair:1   | Found a blossoming altar of Fedhas.
  7253 | Lair:1   | Noticed an oklob plant
  7254 | Lair:1   | 7254 ||| INVOKING Heroism.
  7255 | Lair:1   | Noticed an oklob plant
  7257 | Lair:1   | 7257 ||| DRINKING 2 potions of cancellation.
  7261 | Lair:1   | HP: 9/64 [oklob plant/splash of acid (12)]
  7262 | Lair:1   | 7262 ||| READING 5 scrolls of teleportation.
  7262 | Lair:1   | Killed from afar by an oklob plant

Levels and vault maps discovered:
D:1:      minmay_arrival_four_loops, layout_basic
D:2:      layout_basic, serial_forest, infiniplex_forest_lined_corner,
          infiniplex_forest_zigzag_1, infiniplex_forest_lined_corner,
          infiniplex_forest_corner_1, infiniplex_forest_lined_3,
          chequers_serial_rivers_small_b
D:3:      cheibrodos_old_hovel, layout_loops_corners, serial_shops,
          nicolae_shop_getting_attention, uniq_robin, uniq_jessica,
          uniq_natasha, uniq_sigmund, uniq_terence
D:4:      layout_loops_cross, minmay_temple_entry_mist, uniq_menkaure, uniq_ijyb
D:5:      layout_rooms
D:6:      layout_loops_ring, trog_three_pillars_becter,
          nicolae_overflow_hidden_temple, ebering_ghost_sewer_f,
          kennysheep_pointless_box
D:7:      layout_loops_corners, mainiacjoe_overflow_concentric_impassable,
          mainiacjoe_overflow_alcove_2, serial_shops, shop, nrook_mini_vaults,
          uniq_joseph
D:8:      minmay_four_partial_circles, layout_rooms,
          chequers_serial_rivers_room_b, minivault_19
Temple:   nicolae_temple_figure_eight
Lair:1:   layout_regular_city, minivault_27, nicolae_quartered_pool_super,
          wad_woods_06, hangedman_tree_tricks, grunt_forest_small_clearings,
          tgw_fedhas

Skill      XL: |  1  2  3  4  5  6  7  8  9 10 |
---------------+-------------------------------+-----
Axes           | 2 3 4 6 7 8 9 10 | 10.0
Fighting       | 4 6 7 8 |  8.1
Armour         | 4 5 6 |  6.2
Dodging        | 1 |  1.0
Invocations    | 3 4 |  4.5
Shields        | 4 5 |  5.0
Throwing       | |  0.4

Action                     |  1- 3 |  4- 6 |  7- 9 | 10-12 || total
---------------------------+-------+-------+-------+-------++-------
  Melee: War axe           |    89 |   120 |   277 |    48 ||   534
  Throw: Javelin           |     8 |       |       |       ||     8
 Invoke: Heroism           |       |       |    10 |     2 ||    12
    Use: Scroll            |     2 |     9 |    10 |     2 ||    23
         Potion            |     1 |     3 |     1 |     1 ||     6
 Armour: Scale mail        |    49 |    60 |       |       ||   109
         Plate armour      |       |    14 |   165 |    23 ||   202
  Dodge: Dodged            |    38 |    49 |    92 |    13 ||   192
  Block: Buckler           |    12 |    16 |    45 |    14 ||    87

Table legend:
 A = Non-vault XP
 B = Vault XP
 C = Vault XP percentage of total XP
 D = Non-vault monster count
 E = Vault monster count
 F = Vault count percentage of total count
                 A         B        C        D         E       F
            +---------+---------+-------+---------+---------+-------
      Total |    3310 |    2909 |  46.8 |     151 |      36 |  19.3
            +---------+---------+-------+---------+---------+-------
        D:1 |      45 |       0 |   0.0 |      25 |       0 |   0.0
        D:2 |      57 |       0 |   0.0 |      24 |       0 |   0.0
        D:3 |     104 |     379 |  78.5 |      14 |      13 |  48.1
        D:4 |      59 |     208 |  77.9 |      20 |       2 |   9.1
        D:5 |     406 |       0 |   0.0 |       9 |       0 |   0.0
        D:6 |     614 |       0 |   0.0 |      18 |       0 |   0.0
        D:7 |     865 |     407 |  32.0 |      24 |       1 |   4.0
        D:8 |    1160 |    1915 |  62.3 |      17 |      20 |  54.1
            +---------+---------+-------+---------+---------+-------
